AoeStats
← king bumpzzy

Arena

510044093Analyzed
2v2 RM · 5d ago on Sep 29, 2026· 48m 25s· 4 players
Game mode
Random Map
Map size
Medium (4 player)
Population
200
Speed
Normal
Resources
Standard
Victory
Conquest
Starting age
Dark Age
Ending age
Imperial Age
RankedLock teamsTeams togetherTeam positionsShared explorationLock speedFull tech treeHidden civsTurbo modeCheats
Victory
Defeat
🇦🇺 Teutons · Australia
1000
+48
🇨🇳 Persians · China
959
+18
🇭🇰 Mongols · Hong Kong SAR China
1000
-51
🇨🇳 Vikings · China
1000
-51
GTX-5090
7:52 Loom
10:17 Feudal Age
10:39 Horse Collar
10:46 Double-Bit Axe
10:53 Gold Mining
11:45 Wheelbarrow
12:22 Town Watch
15:59 Stone Mining
19:22 Castle Age
20:07 Heavy Plow
24:14 Stone Shaft Mining
26:19 Bow Saw
28:44 Forging
28:34 Scale Mail Armor
30:38 Hand Cart
30:27 Husbandry
30:39 Bloodlines
31:10 Ballistics
31:01 Masonry
30:43 Guard Tower
32:11 Gold Shaft Mining
31:32 Light Cavalry
32:55 Murder Holes
32:57 Herbal Medicine
33:04 Devotion
33:14 Fervor
33:24 Kamandaran
36:19 Imperial Age
34:42 Caravan
34:19 Crossbowman
35:05 Thumb Ring
34:31 Elite Skirmisher
35:18 Town Patrol
35:39 Squires
35:25 Arson
35:25 Gambesons
35:02 Pikeman
36:00 Cavalier
37:22 Citadels
37:34 Conscription
37:51 Hoardings
36:47 Sappers
38:24 Two-Man Saw
38:41 Chemistry
38:13 Architecture
38:00 Padded Archer Armor
39:04 Crop Rotation
38:40 Savar
39:31 Scale Barding Armor
39:17 Fletching
39:54 Leather Archer Armor
41:13 Chain Barding Armor
40:53 Bodkin Arrow
41:51 Iron Casting
41:38 Chain Mail Armor
40:52 Man-at-Arms
42:10 Ring Archer Armor
42:38 Plate Barding Armor
42:58 Parthian Tactics
41:58 Hussar
44:24 Blast Furnace
43:55 Plate Mail Armor
44:25 Halberdier
46:16 Capped Ram
king bumpzzy
0:43 Loom
14:04 Feudal Age
16:45 Wheelbarrow
16:40 Town Watch
19:32 Horse Collar
20:06 Double-Bit Axe
20:16 Stone Mining
20:17 Gold Mining
29:50 Castle Age
29:14 Forging
29:05 Scale Mail Armor
29:40 Man-at-Arms
30:07 Arson
30:47 Heavy Plow
31:54 Iron Casting
31:11 Fletching
32:59 Stone Shaft Mining
34:28 Gambesons
34:04 Long Swordsman
34:45 Squires
34:05 Pikeman
36:08 Masonry
36:09 Careening
36:11 Fortified Wall
36:22 Ballistics
41:00 Bow Saw
41:11 Chain Mail Armor
41:02 Scale Barding Armor
41:28 Padded Archer Armor
42:38 Bodkin Arrow
43:04 Chain Barding Armor
44:10 Leather Archer Armor
44:24 Hand Cart
48:31 Imperial Age
47:34 Town Patrol
shadow
3:19 Loom
11:26 Feudal Age
11:54 Double-Bit Axe
14:25 Horse Collar
16:52 Gold Mining
24:37 Castle Age
23:59 Man-at-Arms
24:58 Crossbowman
27:12 Long Swordsman
31:44 Squires
31:58 Forging
31:49 Scale Mail Armor
33:21 Heavy Plow
38:55 Iron Casting
40:53 Gold Shaft Mining
43:10 Bow Saw
44:54 Stone Mining
3978324772
3:01 Loom
3:14 Loom
10:45 Feudal Age
12:27 Wheelbarrow
11:35 Horse Collar
11:59 Horse Collar
12:10 Double-Bit Axe
18:30 Castle Age
16:55 Gold Mining
17:06 Stone Mining
18:09 Fletching
18:34 Padded Archer Armor
19:31 Bow Saw
19:26 Heavy Plow
19:54 Leather Archer Armor
21:43 Bodkin Arrow
22:12 Hand Cart
23:02 Stone Shaft Mining
24:14 Bloodlines
24:06 Husbandry
26:04 Gold Shaft Mining
26:32 Thumb Ring
34:32 Imperial Age
33:21 Ballistics
33:16 Fortified Wall
33:19 Masonry
33:05 Murder Holes
34:44 Elite Mangudai
35:48 Conscription
37:13 Bracer
38:46 Chemistry
38:19 Parthian Tactics
39:22 Forging
39:19 Scale Barding Armor
40:18 Light Cavalry
41:36 Iron Casting
41:23 Chain Barding Armor
41:46 Siege Engineers
41:06 Hussar
44:31 Blast Furnace
Connection lost

Rejoining the realm…

Still unreachable

The connection could not be restored.

Session expired

The server has moved on; the page needs a fresh start.